 Dungeon Crawl Stone Soup version 0.21.1-1-g345015f (webtiles) character file.

70 Labyrinth the Insei (level 4, 0/32 HPs)
             Began as a Merfolk Transmuter on July 20, 2018.
             Slain by buskinjo's ghost (1 damage)
             ... on level 3 of the Dungeon.
             The game lasted 00:23:29 (2549 turns).

Labyrinth the Insei (Merfolk Transmuter)            Turns: 2549, Time: 00:23:37

Health: 0/32       AC:  3    Str: 12    XL:     4   Next: 21%
Magic:  2/7        EV: 13    Int: 17    God:
Gold:   61         SH:  0    Dex: 14    Spells: 2/8 levels left

rFire    . . .     SeeInvis .   L - +0 trident
rCold    . . .     Gourm    .   (no shield)
rNeg     . . .     Faith    .   o - +0 leather armour
rPois    .         Spirit   .   (no helmet)
rElec    .         Reflect  .   (no cloak)
rCorr    .         Harm     .   (no gloves)
MR       .....                  (no boots)
Stlth    +.........             (no amulet)
HPRegen  0.10/turn              B - +4 ring of intelligence
MPRegen  0.10/turn              g - +2 ring of strength

@: flying
A: change form in water, swift swim, stealthy swim
a: no special abilities


You were on level 3 of the Dungeon.
You were not hungry.

You visited 1 branch of the dungeon, and saw 3 of its levels.

You collected 61 gold pieces.

Inventory:

Hand Weapons
 e - a +0 club
 f - a +0 club
 h - a +0 club
 i - a +0 dagger
 j - a +0 dagger
 k - a +0 dagger
 l - a +0 dagger
 m - a +0 dagger
 p - a +0 whip
 q - a +0 short sword
 s - a +0 whip
 t - a +0 club
 w - a +0 club
 x - a +0 short sword
 y - a +0 club
 z - a +0 dagger
 A - a +0 whip
 C - a +0 short sword
 D - a +0 dagger
 I - a +0 hand axe
 J - a +0 dagger
 L - a +0 trident (weapon)
Missiles
 a - 6 arrows
 G - 39 stones (quivered)
Armour
 b - a +0 robe
 o - a +0 leather armour (worn)
 r - a +0 leather armour
 E - a +0 leather armour
Jewellery
 g - a +2 ring of strength (right hand)
 B - a +4 ring of intelligence (left hand)
Wands
 H - a wand of flame (17)
Scrolls
 n - 2 scrolls of identify
 u - a scroll of teleportation
 v - a scroll of amnesia
 F - a scroll of random uselessness
Books
 c - a book of Changes

   Spells                             Type                      Level
   a - Beastly Appendage              Transmutation                1
   b - Sticks to Snakes               Transmutation                2
   c - Spider Form                    Transmutation/Poison         3
   d - Ice Form                       Ice/Transmutation            4
   e - Blade Hands                    Transmutation                5
Comestibles
 d - 3 rations


   Skills:
 + Level 1.2 Fighting
 + Level 0.7 Short Blades
 + Level 0.5 Maces & Flails
 + Level 0.1 Armour
 + Level 3.4 Dodging
 + Level 0.2 Stealth
 + Level 4.0 Unarmed Combat
 + Level 2.5 Spellcasting
 + Level 3.1 Transmutations


You had 2 spell levels left.
You knew the following spells:

 Your Spells              Type           Power        Failure   Level  Hunger
a - Beastly Appendage     Tmut           ##....       6%          1    #......
b - Sticks to Snakes      Tmut           ##......     10%         2    ##.....
c - Spider Form           Tmut/Pois      #.........   36%         3    ###....


Dungeon Overview and Level Annotations

Branches:
Dungeon (3/15)

Altars:
Gozag

Annotations:
D:3 Robin; buskinjo's ghost, amateur OpTm


Message History

Your +0 leather armour unmelds from your body.
Buskinjo's ghost barely misses you.
You miss buskinjo's ghost. Buskinjo's ghost barely misses you.
You barely miss buskinjo's ghost. Buskinjo's ghost barely misses you.
Buskinjo's ghost hits you!
* * * LOW HITPOINT WARNING * * *
It was a potion of flight.
You feel very buoyant.
You fly up into the air.
Buskinjo's ghost barely misses you.
As you read the scroll labeled QEURCHA XIBOUL, it crumbles to dust.
It is a scroll of amnesia.
Okay, then.
Buskinjo's ghost hits you.
* * * LOW HITPOINT WARNING * * *
As you read the scroll labeled FAXAUFFA RYFU, it crumbles to dust.
Your +0 trident glows dull green for a moment.
It was a scroll of random uselessness.
Buskinjo's ghost shrieks, "They lied to you.
The Dungeon just goes down and down forever."
Buskinjo's ghost hits you.
You die...

..........
[...####'##
....K# ... #
#(.###### #.
#(...#..
#..#..#.#.###
#...........
#...)#.#######
#...@W........
#..###.###.###
#.. #.# ##.
#.# #.# #. #.#
#.# #. #.# #.#
#. #.# #.# #.
#.# #.#
#.###.# #.#


You could see buskinjo's ghost.

Vanquished Creatures
  An ooze (D:1)
  A worm (D:3)
  3 dart slugs
  2 orcs (D:3)
  7 bats
  A giant cockroach (D:2)
  6 goblins
  10 hobgoblins
  5 kobolds
  A quokka (D:2)
  3 frilled lizards
  4 rats (D:1)
  A plant (D:1)
45 creatures vanquished.

Vanquished Creatures (collateral kills)
  A worm (D:2)
  An orc (D:3)
  A giant cockroach (D:2)
  A hobgoblin (D:3)
4 creatures vanquished.

Grand Total: 49 creatures vanquished

Notes
Turn   | Place    | Note
-------+----------+-------------------------------------------
     0 | D:1      | Labyrinth the Merfolk Transmuter began the quest for the Orb.
     0 | D:1      | Reached XP level 1. HP: 15/15 MP: 3/3
   511 | D:1      | Reached XP level 2. HP: 21/21 MP: 3/5
   635 | D:1      | Reached skill level 4 in Unarmed Combat
   975 | D:1      | Reached XP level 3. HP: 26/26 MP: 4/6
  1139 | D:1      | Learned a level 2 spell: Sticks to Snakes
  1143 | D:1      | Learned a level 3 spell: Spider Form
  2055 | D:2      | Found an opulent altar of Gozag.
  2257 | D:2      | Reached XP level 4. HP: 25/32 MP: 7/7
  2480 | D:3      | Noticed Robin
  2528 | D:3      | Noticed buskinjo's ghost (amateur OpTm)
  2548 | D:3      | HP: 1/32 [buskinjo's ghost (5)]
  2549 | D:3      | Slain by buskinjo's ghost

Skill      XL: |  1  2  3 |
---------------+----------+-----
Unarmed Combat | 4 |  4.0
Dodging        | 3 |  3.4
Transmutations | 3 |  3.1
Fighting       | |  1.2
Short Blades   | |  0.7
Maces & Flails | |  0.5
Armour         | |  0.1
Stealth        | |  0.2
Spellcasting   | |  2.5

Action                   |  1- 3 |  4- 6 || total
-------------------------+-------+-------++-------
Melee: Unarmed           |    48 |    16 ||    64
       Club              |    92 |       ||    92
       Tailslap          |    10 |       ||    10
       Headbutt          |     9 |     1 ||    10
       Punch             |     3 |       ||     3
       Short sword       |    46 |       ||    46
       Trident           |       |     5 ||     5
Throw: Stone             |     1 |     2 ||     3
 Cast: Beastly Appendage |    16 |     1 ||    17
       Sticks to Snakes  |     4 |     2 ||     6
       Spider Form       |       |     1 ||     1
Evoke: Wand              |       |     1 ||     1
  Use: Potion            |     1 |     1 ||     2
       Scroll            |     1 |     2 ||     3
 Stab: Distracted        |     1 |       ||     1
  Eat: Chunk             |     5 |       ||     5
       Ration            |       |     1 ||     1
Armor: Robe              |    18 |       ||    18
       Leather armour    |    26 |     2 ||    28
Dodge: Dodged            |   123 |    36 ||   159
